 Dungeon Crawl Stone Soup version 0.30.0-29-ga12c61a403 (webtiles) character file.

Game seed: 6409496792348812068

109507 chickenninja42 the Slayer (level 16, -2/166 (180) HPs)
             Began as a Minotaur Berserker on June 6, 2023.
             Was a High Priest of Trog.
             Splashed by a goliath frog's acid (4 damage)
             ... on level 1 of the Swamp.
             The game lasted 03:10:46 (26687 turns).

chickenninja42 the Slayer (Minotaur Berserker)     Turns: 26687, Time: 03:10:46

HP:   -2/166 (180)  AC: 11    Str: 30    XL:     16   Next: 5%
MP:   15/15         EV: 12    Int:  4    God:    Trog [*****.]
Gold: 1159          SH:  0    Dex: 12    Spells: 15/15 levels left

rFire   . . .        a - +1 scimitar (flame)
rCold   . . .        (no shield)
rNeg    . . .        O - +4 ring mail "Gom Koel" {rPois Str+2 SInv}
rPois   +            r - +0 hat
rElec   .            y - +2 cloak {rPois}
rCorr   +            D - +0 pair of gloves
SInv    +            Q - +1 pair of boots "Uzyluuh" {rPois rCorr Slay+3 Stlth-}
Will    +++..        L - amulet of regeneration Stlth
                     U - ring of resist corrosion
HPRegen 2.27/turn    V - ring of flight
MPRegen 0.14/turn

%: no passive effects
@: strong-willed, corroded, flying, regenerating, studying Armour, drained
A: horns 2, retaliatory headbutt
a: Renounce Religion, Berserk, Trog's Hand, Brothers in Arms


You were on level 1 of the Swamp.
You worshipped Trog.
Trog was extremely pleased with you.
You visited 4 branches of the dungeon, and saw 23 of its levels.
You also visited: Bailey and Volcano.

You collected 2337 gold pieces.
You spent 1178 gold pieces at shops.

Inventory:

Hand Weapons
 a - a +1 scimitar of flaming (weapon)
 b - a +9 glaive of freezing
Missiles
 k - 9 boomerangs
 p - 39 poisoned darts (quivered)
 s - 6 javelins
 H - 181 stones
 Y - 5 curare-tipped darts
Armour
 r - a +0 hat (worn)
 y - a +2 cloak of poison resistance (worn)
 D - a +0 pair of gloves (worn)
 O - the +4 ring mail "Gom Koel" (worn) {rPois Str+2 SInv}
   (You found it on level 4 of the Dungeon)

   Str:       It affects your strength (+2).
   rPois:     It protects you from poison.
   SInv:      It lets you see invisible.
 Q - the +1 pair of boots "Uzyluuh" (worn) {rPois rCorr Slay+3 Stlth-}
   (You found it on level 5 of the Dungeon)

   Slay:      It affects your accuracy & damage with ranged weapons and melee
   (+3).
   rPois:     It protects you from poison.
   rCorr:     It protects you from acid and corrosion.
   Stlth:     It makes you less stealthy.
 W - a +4 scale mail of fire resistance
 Z - a +0 kite shield
Jewellery
 e - a ring of protection from cold
 h - a ring of poison resistance
 o - a +4 ring of protection
 B - a +4 ring of protection
 C - a ring of protection from fire
 L - an amulet of regeneration (around neck)
 P - a +5 ring of evasion
 U - a ring of resist corrosion (left hand)
 V - a ring of flight (right hand)
Wands
 d - a wand of acid (15)
 J - a wand of iceblast (14)
 N - a wand of flame (79)
 S - a wand of polymorph (15)
 T - a wand of paralysis (27)
Scrolls
 c - a scroll of enchant armour {unknown}
 j - 12 scrolls of teleportation
 m - 5 scrolls of magic mapping
 n - 3 scrolls of fog
 q - 4 scrolls of vulnerability
 t - 4 scrolls of torment {unknown}
 x - a scroll of butterflies
 A - 3 scrolls of poison
 F - 2 scrolls of identify
 G - 2 scrolls of enchant weapon
 M - 4 scrolls of noise {unknown}
 R - 3 scrolls of immolation {unknown}
 X - 3 scrolls of acquirement
Potions
 g - 2 potions of flight
 i - a potion of might
 l - 6 potions of magic
 u - a potion of heal wounds
 v - 5 potions of mutation
 w - 2 potions of ambrosia
 z - a potion of cancellation
 E - 11 potions of curing
 K - 6 potions of lignification
Miscellaneous
 f - a tin of tremorstones (2/2)


   Skills:
 * Level 26.1 Fighting
 - Level 4.9(13.3) Axes
 + Level 18.9(19.1) Polearms
 + Level 12.9 Armour
 - Level 3.1 Dodging


You had 15 spell levels left.
You didn't know any spells.
Your spell library was empty.

Dungeon Overview and Level Annotations

Branches:
Dungeon (15/15)            Temple (0/1) D:5            Lair (5/5) D:11
  Swamp (1/4) Lair:2       Spider (0/4) Lair:2        Slime (0/5) Lair:5
    Orc (2/2) D:9             Elf (0/3) Orc:2        Vaults (0/5) D:14
 Depths (0/4) D:15         Bailey (visited)         Volcano (visited)

Altars:
Cheibriados
Hepliaklqana
Kikubaaqudgha
Makhleb
Ru
Trog
Uskayaw
Vehumet
Zin

Shops:
D:2 ([!:   D:12 *   D:15 [   Orc:2 *=[(

Portals:
Hell: Lair:5

Annotations:
Lair:1 exclusion: oklob plant
Lair:2 2 runed translucent doors, Darkkill's ghost, journeyman MiHu


Innate Abilities, Weirdness & Mutations

You have a pair of horns on your head.
You reflexively headbutt those who attack you in melee.


Message History

The five-headed hydra bites you!
* * * LOW HITPOINT WARNING * * *
The five-headed hydra bites you!
* * * LOW HITPOINT WARNING * * *
The five-headed hydra bites you but does no damage.
The five-headed hydra bites you.
* * * LOW HITPOINT WARNING * * *
The swamp dragon bites you but does no damage.
The swamp dragon barely misses you. x2; The goliath frog misses you.
The five-headed hydra bites you.
* * * LOW HITPOINT WARNING * * *
The five-headed hydra bites you but does no damage. x4
You fail to use your ability.
The swamp dragon bites you but does no damage.
The swamp dragon closely misses you. The swamp dragon completely misses you.
The goliath frog hits you but does no damage.
The five-headed hydra bites you but does no damage. x2
The five-headed hydra bites you.
* * * LOW HITPOINT WARNING * * *
The five-headed hydra bites you but does no damage.
The five-headed hydra barely misses you.
Okay, then.
Your skin crawls.
You feel strong-willed. The goliath frog misses you.
The swamp dragon bites you.
* * * LOW HITPOINT WARNING * * *
The swamp dragon misses you.
The swamp dragon tramples you but does no damage.
The five-headed hydra bites you but does no damage.
The five-headed hydra bites you!
* * * LOW HITPOINT WARNING * * *
The five-headed hydra barely misses you.
The five-headed hydra bites you.
* * * LOW HITPOINT WARNING * * *
The five-headed hydra bites you.
* * * LOW HITPOINT WARNING * * *
The goliath frog hits you from afar.
* * * LOW HITPOINT WARNING * * *
The acid corrodes you!
You are splashed with acid.
You resist.
You die...

.~.~~♣~~♣♣....~~♣♣.~.~
#.~~.(.~~~....♣~.....♣
#..♣...~~~~§.~.~...)♣
.##.....~~~~..~~≈≈≈§~.♣♣
....~♣(.~~~~..≈≈≈≈~≈≈~.♣
....~~..~~~~~~≈≈≈≈~≈≈~.~
...☼ ♣~nwF~~.~≈≈~~~≈≈≈~.
#....♣♣DDw.~.~≈≈~<.≈≈≈.~
#?.~..>@♣♣♣♣.≈≈≈.~.≈≈≈.~
#...?...♣ ♣~~≈≈≈≈≈≈≈~.~
...~♣~♣♣♣ ♣.~≈≈≈≈≈≈~...
~.~ ♣♣ ♣♣.~~~≈≈~..~. ..
♣♣..~......§ .
♣♣♣♣♣♣♣♣.~. ..~


You could see a five-headed hydra, a swamp dragon, a tyrant leech, a goliath
frog, a bog body and a swamp worm.

Vanquished Creatures
  2 orc warlords (Orc:2)
  6 hydras
  A vault guard (D:14)
  A great orb of eyes (D:15)
  An ogre mage (D:15)
  2 rakshasas (D:15)
  Erolcha (D:9)
  An alligator (Lair:5)
  5 centaur warriors
  9 two-headed ogres
  2 boulder beetles
  4 death yaks (Lair:1)
  An orc high priest (Orc:2)
  Sonja (D:11)
  7 skeletal warriors (D:14)
  2 skysharks
  A goliath frog (Swamp:1)
  A deep elf archer (Volcano)
  A lindwurm (Lair:4)
  2 wizards
  3 orc knights
  3 necromancers (D:14)
  The ghost of pajopajo the Chopper, a novice HOFi of Gozag (D:8)
  A lindwurm (shapeshifter) (D:15)
  Pikel (D:6)
  2 wolf spider zombies (D:14)
  7 deep elf pyromancers
  2 manticores (D:15)
  5 ugly things
  An orc sorcerer (Orc:2)
  A mana viper (shapeshifter) (D:14)
  A moth of wrath (shapeshifter) (D:15)
  3 cyclopes
  18 elephants
  4 centaur zombies (D:14)
  2 gargoyles (D:13)
  Maggie (D:6)
  5 black mambas
  An orange demon (Lair:5)
  6 rime drakes
  12 cane toads
  2 efreet (D:13)
  An ice devil (Lair:5)
  5 komodo dragons
  A freezing wraith (D:15)
  6 trolls
  2 meliai (Lair:2)
  A wind drake (shapeshifter) (D:11)
  2 tyrant leeches
  Grinder (D:4)
  2 polar bears
  19 blink frogs
  3 culicivoras (Lair:2)
  22 slime creatures
  2 shadows
  5 wyverns
  A wraith (D:9)
  38 yaks
  4 basilisks
  11 humans (D:14)
  4 fire elementals (Volcano)
  Grum (D:9)
  9 vampire mosquitoes
  A steam dragon (D:8)
  Edmund (D:5)
  A swamp worm (Lair:2)
  2 wargs (Orc:2)
  11 water moccasins
  3 acid dragons
  8 hell hounds
  41 orc warriors
  3 black bears
  31 wolves
  10 centaurs
  7 ogres
  A lemure (D:6)
  A phantom (D:5)
  4 kobold brigands
  Blork the orc (D:6)
  11 bullfrogs
  2 gnoll sergeants
  A wyvern zombie (D:8)
  2 scorpions
  25 killer bees
  2 electric eels (Lair:2)
  3 howler monkeys
  A crimson imp (D:13)
  4 hounds
  2 quasits (D:8)
  A gnoll bouda (D:5)
  A jelly (D:8)
  17 orc priests
  3 iguanas
  14 orc wizards
  4 hell rats (Lair:5)
  A spectral howler monkey (D:8)
  A howler monkey skeleton (D:8)
  21 gnolls
  7 adders
  A shadow imp (D:8)
  4 white imps (D:8)
  3 ufetubi (D:8)
  2 worms
  A dart slug (D:1)
  64 orcs
  5 bats
  4 endoplasms
  4 giant cockroaches
  9 goblins
  8 hobgoblins
  23 kobolds
  4 quokkas
  7 ball pythons
  4 frilled lizards
  3 rats
668 creatures vanquished.

Vanquished Creatures (collateral kills)
  2 vault guards (D:14)
  5 death yaks
  A sun demon (Lair:5)
  2 skeletal warriors (D:14)
  3 orc knights (Orc:2)
  2 manticores (Lair:2)
  An elephant (Lair:5)
  A black mamba (Lair:5)
  2 cane toads
  An ice devil (Lair:5)
  2 komodo dragons
  2 red devils (Lair:5)
  A meliai (Lair:2)
  A queen bee (Lair:2)
  A hellwing (Lair:5)
  A slime creature (D:13)
  8 yaks
  7 humans (D:14)
  A steam dragon (Lair:1)
  A warg (Orc:2)
  3 orc warriors (Orc:2)
  An ogre (Orc:2)
  A wolf (Lair:2)
  9 killer bees (Lair:2)
  A hell rat (Lair:2)
60 creatures vanquished.

Vanquished Creatures (others)
  An orc (Bailey)
  A ball python (D:11)
  A kobold (D:8)
3 creatures vanquished.

Grand Total: 731 creatures vanquished

Notes
Turn   | Place    | Note
-------+----------+-------------------------------------------
     0 | D:1      | chickenninja42 the Minotaur Berserker began the quest for
                  | the Orb.
     0 | D:1      | Reached XP level 1. HP: 19/19 MP: 0/0
   208 | D:1      | Reached XP level 2. HP: 27/27 MP: 1/1
   848 | D:2      | Reached skill level 4 in Fighting
   861 | D:2      | Reached XP level 3. HP: 33/33 MP: 2/2
   986 | D:2      | Found Apne Olicwy's Antique Armour Shop.
  1239 | D:2      | Found Qeust's Distillery.
  1243 | D:2      | HP: 1/33 [gnoll/+0 halberd (12)]
  1253 | D:2      | Reached XP level 4. HP: 22/41 MP: 3/3
  1394 | D:2      | Reached ** piety under Trog
  1412 | D:2      | Found Vunoghiz's Weapon Emporium.
  1511 | D:2      | Found a hide-covered altar of Uskayaw.
  1545 | D:2      | Found Tudar's Book Emporium.
  1817 | D:2      | Bought a cloak for 81 gold pieces
  1884 | D:3      | Identified the +6 spear of Courage {heavy, Will+ Dex+3}
  1908 | D:3      | Noticed a scorpion
  1912 | D:3      | Killed a scorpion
  1913 | D:3      | Reached skill level 5 in Fighting
  1913 | D:3      | Reached XP level 5. HP: 48/48 MP: 4/4
  2118 | D:3      | Found a faded altar of an unknown god.
  2236 | D:3      | Found a sacrificial altar of Ru.
  2781 | D:4      | Noticed an ogre
  2782 | D:4      | Identified the +6 falchion of Crusades {protect, Stlth+}
  2786 | D:4      | Killed an ogre
  2787 | D:4      | Reached skill level 6 in Fighting
  2787 | D:4      | Reached skill level 1 in Polearms
  2787 | D:4      | Reached XP level 6. HP: 57/57 MP: 5/5
  2822 | D:4      | Noticed Grinder
  2844 | D:4      | Killed Grinder
  2845 | D:4      | Reached skill level 7 in Fighting
  2917 | D:4      | Reached XP level 7. HP: 52/66 MP: 6/6
  3000 | D:4      | Reached *** piety under Trog
  3196 | D:4      | Reached skill level 8 in Fighting
  3345 | D:4      | Identified the +4 ring mail "Gom Koel" {rPois Str+2 SInv}
  3448 | D:4      | Found a glowing silver altar of Zin.
  3615 | D:5      | Entered Level 5 of the Dungeon
  3897 | D:5      | Identified the +1 pair of boots "Uzyluuh" {rPois rCorr
                  | Slay+3 Stlth-}
  3924 | D:5      | Found a staircase to the Ecumenical Temple.
  3932 | D:5      | Noticed Edmund
  3947 | D:5      | Killed Edmund
  3948 | D:5      | Reached skill level 9 in Fighting
  3952 | D:5      | Reached skill level 5 in Polearms
  3952 | D:5      | Reached XP level 8. HP: 78/78 MP: 7/7
  4027 | D:5      | Found a hazy altar of Hepliaklqana.
  4041 | D:5      | Found an ancient bone altar of Kikubaaqudgha.
  4353 | D:5      | Reached skill level 10 in Fighting
  4575 | D:6      | Noticed Maggie
  4588 | D:6      | Killed Maggie
  4633 | D:6      | Reached skill level 11 in Fighting
  4829 | D:6      | Reached **** piety under Trog
  5010 | D:6      | Reached XP level 9. HP: 82/89 MP: 8/8
  5012 | D:6      | Noticed Pikel
  5028 | D:6      | Killed Pikel
  5029 | D:6      | Reached skill level 12 in Fighting
  5328 | D:6      | Noticed Blork the orc
  5330 | D:6      | Killed Blork the orc
  6562 | D:8      | Found a flagged portal.
  6570 | Bailey   | Entered a bailey
  6597 | Bailey   | Reached skill level 13 in Fighting
  7016 | Bailey   | Noticed an orc knight
  7028 | Bailey   | Killed an orc knight
  7029 | Bailey   | Reached skill level 14 in Fighting
  7029 | Bailey   | Reached XP level 10. HP: 40/103 MP: 9/9
  7365 | D:8      | Reached ***** piety under Trog
  7816 | D:8      | Noticed a two-headed ogre
  7823 | D:8      | Killed a two-headed ogre
  7824 | D:8      | Reached skill level 10 in Polearms
  7832 | D:8      | Found a runed translucent gate.
  7832 | D:8      | Found a runed translucent gate.
  7832 | D:8      | Found a runed translucent gate.
  7847 | D:8      | Noticed pajopajo's ghost (novice HOFi)
  8101 | D:9      | Reached skill level 15 in Fighting
  8199 | D:9      | Found a staircase to the Orcish Mines.
  8238 | D:9      | Noticed a two-headed ogre
  8250 | D:9      | Killed a two-headed ogre
  8586 | D:9      | Noticed Erolcha
  8597 | D:9      | Paralysed by Erolcha for 2 turns
  8604 | D:9      | Killed Erolcha
  8605 | D:9      | Reached skill level 16 in Fighting
  8624 | D:9      | Found a snail-covered altar of Cheibriados.
  8706 | D:9      | Noticed Grum
  8731 | D:9      | Killed Grum
  8737 | D:9      | Reached XP level 11. HP: 85/114 MP: 10/10
  8913 | D:9      | Found a bloodstained altar of Trog.
  9037 | Orc:1    | Entered Level 1 of the Orcish Mines
  9125 | D:10     | Entered Level 10 of the Dungeon
  9595 | D:10     | Received a gift from Trog
  9660 | D:10     | Noticed a centaur warrior
  9666 | D:10     | Killed a centaur warrior
  9667 | D:10     | Reached skill level 17 in Fighting
  9932 | D:11     | Noticed Sonja
  9948 | D:11     | Killed Sonja
 10435 | D:11     | Found a staircase to the Lair.
 10983 | D:12     | Found Zikuvonu's Changing Room.
 11008 | D:12     | Bought a wand of polymorph (3) for 71 gold pieces
 11044 | D:12     | Noticed a two-headed ogre
 11055 | D:12     | Killed a two-headed ogre
 11056 | D:12     | Reached skill level 18 in Fighting
 11749 | D:12     | Noticed a red ugly thing
 11757 | D:12     | Noticed a deep elf pyromancer
 11760 | D:12     | Killed a red ugly thing
 11769 | D:12     | Killed a deep elf pyromancer
 11929 | D:12     | Noticed a green ugly thing
 11940 | D:12     | Killed a green ugly thing
 12069 | D:12     | Reached XP level 12. HP: 128/128 MP: 11/11
 12453 | D:13     | Noticed a boulder beetle
 12485 | D:13     | Killed a boulder beetle
 12593 | D:13     | Noticed a centaur warrior
 12602 | D:13     | Killed a centaur warrior
 12604 | D:13     | Reached skill level 19 in Fighting
 13840 | Orc:2    | Entered Level 2 of the Orcish Mines
 13888 | Orc:2    | Found Rabba's Antique Weapon Boutique.
 14013 | Orc:2    | Found Aqudi's Antique Armour Emporium.
 14016 | Orc:2    | Reached skill level 20 in Fighting
 14045 | Orc:2    | Noticed an orc warlord
 14063 | Orc:2    | Killed an orc warlord
 14562 | Orc:2    | Found Nunov's Jewellery Emporium.
 14617 | Orc:2    | Bought an amulet of regeneration for 450 gold pieces
 14683 | Orc:2    | Noticed an orc warlord
 14691 | Orc:2    | Killed an orc warlord
 14692 | Orc:2    | Reached XP level 13. HP: 141/141 MP: 12/12
 14727 | Orc:2    | Found Cixeofat's General Store.
 14735 | Orc:2    | Bought a potion of heal wounds for 55 gold pieces
 14802 | Orc:2    | Found a staircase to the Elven Halls.
 14816 | Orc:2    | Reached skill level 21 in Fighting
 15480 | D:14     | Reached skill level 15 in Polearms
 15697 | D:14     | Found a radiant altar of Vehumet.
 15961 | D:14     | Received a gift from Trog
 15971 | D:14     | Reached skill level 22 in Fighting
 16418 | D:14     | Found a gate to the Vaults.
 16685 | D:15     | Entered Level 15 of the Dungeon
 16697 | D:15     | Reached XP level 14. HP: 107/155 MP: 13/13
 16803 | D:15     | Reached skill level 23 in Fighting
 17033 | D:15     | Found Niclot's Armour Shoppe.
 17069 | D:15     | Bought a +2 cloak of poison resistance for 259 gold pieces
 17191 | D:15     | Paralysed by a great orb of eyes for 3 turns
 17205 | D:15     | Paralysed by a great orb of eyes for 5 turns
 17331 | D:15     | Found a staircase to the Depths.
 17835 | D:11     | Identified 3 scrolls of acquirement
 17835 | D:11     | Acquired a manual of Armour
 17870 | Lair:1   | Entered Level 1 of the Lair of Beasts
 18060 | Lair:1   | Reached skill level 24 in Fighting
 18069 | Lair:1   | Reached skill level 5 in Armour
 19108 | Lair:2   | Found a dark tunnel.
 19121 | Volcano  | Entered a volcano
 19446 | Lair:2   | Found a staircase to the Swamp.
 19500 | Lair:2   | Found a large runed translucent door.
 19501 | Lair:2   | Found a large runed translucent door.
 19509 | Lair:2   | Noticed Darkkill's ghost (journeyman MiHu)
 19729 | Lair:2   | Reached XP level 15. HP: 138/168 MP: 14/14
 19910 | Lair:2   | Found a hole to the Spider Nest.
 19963 | Lair:2   | Received a gift from Trog
 20769 | Lair:2   | Reached skill level 25 in Fighting
 21885 | D:8      | Killed pajopajo's ghost
 22311 | Orc:2    | Bought a ring of flight for 262 gold pieces
 23232 | Lair:4   | Received a gift from Trog
 23252 | Lair:4   | Reached skill level 10 in Armour
 23974 | Lair:5   | Entered Level 5 of the Lair of Beasts
 24276 | Lair:5   | Identified the +5 arbalest "Suicofialu" {heavy, Str+4}
 25007 | Lair:5   | Found a staircase to the Slime Pits.
 25276 | Lair:5   | Found a burning altar of Makhleb.
 25291 | Lair:5   | Reached skill level 26 in Fighting
 25397 | Lair:5   | Found a gateway to Hell.
 25891 | Lair:5   | Reached XP level 16. HP: 161/161 MP: 15/15
 26587 | Swamp:1  | Entered Level 1 of the Swamp
 26687 | Swamp:1  | HP: 7/166 [five-headed hydra (2)]
 26687 | Swamp:1  | HP: 2/166 [goliath frog (5)]
 26687 | Swamp:1  | Splashed by a goliath frog's acid

Illustrated notes

Levels and vault maps discovered:
D:1:      onia_arrival_mini_spirals, layout_basic
D:2:      layout_loops_corners, basic_altar, serial_shops, shop, shop, shop,
          shop, mrwooster_statue_mirror, small_statue_intersection,
          ebering_dispersal_statue_hall, hangedman_decor_points
D:3:      layout_basic, hangedman_ru_absence,
          hellmonk_ecumenical_altar_pennies_from_heaven, serial_bayou,
          serial_bayou_lagoon_b, serial_bayou_shore_a, serial_bayou_pond_c,
          serial_bayou_pond_b
D:4:      layout_basic, zin_scriptorium, uniq_grinder
D:5:      layout_basic, mainiacjoe_overflow_brackets, kennysheep_mini_moat,
          minmay_temple_entry_gardened_gates, minmay_misc_feat_square,
          uniq_edmund
D:6:      layout_basic, uniq_blork_the_orc, uniq_maggie, uniq_pikel
D:7:      layout_basic, minivault_10
D:8:      layout_basic, serial_demonic, serial_demonic_d, serial_demonic_e,
          serial_demonic_e, serial_demonic_c, enter_bailey_3,
          gammafunk_ghost_necromancy
D:9:      layout_loops_ring, cheibrodos_worm_habitat, trog_book,
          supply_closet_lemuel, uniq_grum, uniq_erolcha
D:10:     layout_roguey
D:11:     layout_cave_pods, erik_lair_island, uniq_sonja
D:12:     layout_roguey, nicolae_transmutations_shop
D:13:     layout_stronghold, lightli_wizard_tower
D:14:     layout_rooms, grunt_vaults_entry_tiered, nicolae_vehumet_radiance,
          serial_undead, serial_undead_d, serial_undead_e, serial_undead_e,
          serial_undead_e
D:15:     gammafunk_enter_depths_forms, layout_rooms, serial_shops,
          nicolae_shop_advertising_works [nicolae_subvault_shop_adworks],
          nicolae_titane
Lair:1:   layout_gridlike, minmay_lair_oklob_bushes, lemuel_fruit_fields,
          grunt_megastairs_5, lemuel_fruit_tree
Lair:2:   regret_index_combs_of_tragedy, layout_small_grid,
          minmay_swamp_entry_worms, hellmonk_spider_entry_life_and_decay,
          enter_volcano_2, ebering_ghost_disaster_area, grunt_megastairs_4,
          serial_bayou_shore_b, infiniplex_staircase_pool
Lair:3:   layout_misc_corridors, chequers_serial_rivers_small_b,
          chequers_serial_rivers_small_a
Lair:4:   layout_hall_layers, nicolae_lair_lindhole
Lair:5:   evil_forest, layout_layer_cave, slime_entry_1
Swamp:1:  layout_basic_swamp, serial_swamp_ruin, evilmike_swamp_ruin_house_5,
          evilmike_swamp_ruin_rubble_1, evilmike_swamp_ruin_house_3,
          infiniplex_staircase_pool_2
Orc:1:    layout_diamond_mine
Orc:2:    grunt_orc_gardens, layout_caves, grunt_orc_garden, grunt_orc_garden,
          grunt_orc_garden, grunt_orc_garden

Skill      XL: |  1  2  3  4  5  6  7  8  9 10 11 12 13 14 15 |
---------------+----------------------------------------------+-----
Axes           | 4 |  4.9
Fighting       | 4 5 6 7 9 11 14 16 18 20 22 24 26 | 26.1
Armour         | 3 7 12 | 12.9
Dodging        | 3 |  3.1
Polearms       | 1 3 5 7 9 11 12 14 16 17 18 | 18.9

Action                     |  1- 3 |  4- 6 |  7- 9 | 10-12 | 13-15 | 16-18 || total
---------------------------+-------+-------+-------+-------+-------+-------++-------
  Melee: Hand axe          |    78 |    12 |       |       |       |       ||    90
         Headbutt          |     8 |     8 |    35 |    83 |   224 |    13 ||   371
         Spear             |       |    40 |   196 |   261 |       |       ||   497
         Punch             |       |     1 |     4 |     2 |     3 |       ||    10
         Glaive            |       |       |       |   153 |   545 |    11 ||   709
         Executioner's axe |       |       |       |       |     8 |       ||     8
         Scimitar          |       |       |       |       |   272 |    37 ||   309
   Fire: Sling             |       |       |       |     2 |       |       ||     2
         Arbalest          |       |       |       |       |     2 |       ||     2
  Throw: Throwing net      |       |     2 |     1 |       |       |       ||     3
         Dart              |       |       |     5 |     9 |    21 |     1 ||    36
         Javelin           |       |       |     1 |     9 |    16 |     1 ||    27
 Invoke: Berserk           |     1 |       |       |     4 |     2 |       ||     7
         Brothers in Arms  |       |       |       |     4 |    12 |       ||    16
         Trog's Hand       |       |       |       |       |     2 |     1 ||     3
  Evoke: Wand              |       |       |     2 |     3 |       |       ||     5
    Use: Potion            |     1 |       |       |       |    15 |     1 ||    17
         Scroll            |       |       |       |    12 |    24 |       ||    36
   Stab: Sleeping          |     1 |       |       |       |       |       ||     1
         Distracted        |       |       |       |       |     1 |       ||     1
 Armour: Animal skin       |     6 |       |       |       |       |       ||     6
         Plate armour      |    21 |    24 |     9 |       |       |       ||    54
         Ring mail         |       |       |    76 |   166 |   585 |    67 ||   894
  Dodge: Dodged            |    61 |    41 |   229 |   350 |   979 |    59 ||  1719
  Block: Kite shield       |       |       |       |    50 |    66 |     7 ||   123
